 Dungeon Sprint DCSS version 0.21-a0-221-gfe971b9 (webtiles) character file.

34177 Kidiri the Eclecticist (level 12, -2/90 HPs)
             Began as a Deep Elf Fire Elementalist on Aug 26, 2017.
             Was the Champion of Vehumet.
             Slain by a dire elephant (23 damage)
             ... in the Dungeon (Sprint III: "The Ten Rune Challenge").
             The game lasted 00:25:54 (4422 turns).

Kidiri the Eclecticist (Deep Elf Fire Elementalist) Turns: 4422, Time: 00:25:55

Health: -2/90      AC:  5    Str:  5    XL:     12   Next: 51%
Magic:  13/37      EV: 19    Int: 26    God:    Vehumet [******]
Gold:   50         SH:  0    Dex: 15    Spells: 7/49 levels left

rFire    + . .     SeeInvis .   m - +0 dagger
rCold    . . .     Gourm    .   (no shield)
rNeg     . . .     Faith    .   t - +1 robe {rF+}
rPois    .         Spirit   .   (helmet restricted)
rElec    .         Reflect  .   (no cloak)
rCorr    .         Harm     .   (no gloves)
MR       +....     NoTele   +   (no boots)
Stlth    ++........             (no amulet)
HPRegen  0.25/turn              (no ring)
MPRegen  0.25/turn              (no ring)

@: no status effects
A: antennae 1, slimy green scales 1, robust 2, evolution 1, MP-powered wands
}: 1/10 runes: barnacled
a: Renounce Religion


You were in the Dungeon.
You worshipped Vehumet.
Vehumet was exalted by your worship.
You were very full.

You visited 1 branch You collected 50 gold pieces.

Inventory:

Hand Weapons
 m - a +0 dagger (weapon)
Armour
 t - a +1 robe of fire resistance (worn)
Wands
 u - a wand of scattershot (7/9)
Scrolls
 l - a scroll of immolation
 n - 4 scrolls of remove curse
 q - a scroll of holy word {unknown}
Potions
 d - a potion of curing
 e - 3 potions of heal wounds
 f - a potion of haste
 g - a potion of magic
 h - 2 potions of berserk rage
 k - 2 potions of lignification
 p - a potion of flight
 r - a potion of invisibility
 s - 3 potions of mutation
Comestibles
 a - a chunk of flesh
 b - 21 royal jellies
 c - a bread ration


   Skills:
 + Level 8.7 Fighting
 + Level 10.1 Short Blades
 + Level 8.6 Armour
 - Level 10.0 Dodging
 - Level 2.4 Stealth
 * Level 19.0 Spellcasting
 + Level 11.9 Conjurations
 + Level 12.3 Fire Magic
 + Level 10.1 Air Magic
 + Level 9.1 Earth Magic
 + Level 10.7 Poison Magic


You had 7 spell levels left.
You knew the following spells:

 Your Spells              Type           Power        Failure   Level  Hunger
a - Flame Tongue          Conj/Fire      #####        0%          1    None
b - Throw Flame           Conj/Fire      ######       0%          2    None
c - Conjure Flame         Conj/Fire      ######..     1%          3    None
d - Inner Flame           Hex/Fire       ######..     1%          3    None
e - Sticky Flame          Conj/Fire      ######..     1%          4    None
f - Fireball              Conj/Fire      ######....   1%          5    None
g - Bolt of Magma         Conj/Fire/Erth ######....   1%          5    None
h - Stone Arrow           Conj/Erth      ######       1%          3    None
i - Lee's Rapid Deconstr  Erth           ######....   1%          5    None
j - Mephitic Cloud        Conj/Pois/Air  ######..     1%          3    None
k - Poison Arrow          Conj/Pois      ######....   1%          6    ##.....
l - Searing Ray           Conj           ######       0%          2    None


Dungeon Overview and Level Annotations

Branches:
Dungeon (1/1)

Altars:
Cheibriados
Dithmenos
Elyvilon
Fedhas
Gozag
Hepliaklqana
Kikubaaqudgha
Makhleb
Nemelex Xobeh
Okawaru
Qazlal
Ru
Sif Muna
Trog
Uskayaw
Vehumet
Wu Jian
Xom
Yredelemnul
Zin
The Shining One
Beogh
Jiyva
Lugonu

Shops:
D ![:

Annotations:
D exclusion: 5 doors, Gastronok


Innate Abilities, Weirdness & Mutations

You have a pair of small antennae on your head.
You are partially covered in slimy green scales. (AC +2)
You are very robust. (+20% HP)
You evolve.
You expend magic power (3 MP) to strengthen your wands.


Message History

Press: ? - help, Shift-Dir - straight line, f/p - Gastronok
Aim: Gastronok, wearing a glowing hat (severely wounded)
The bolt of magma hits the dire elephant.
You kill the dire elephant!
Vehumet accepts your kill.
You feel your power returning.
Your Spellcasting skill increases to level 19!
The bolt of magma hits the dire elephant.
The dire elephant is heavily wounded.
Casting: Bolt of Magma
Confirm with . or Enter, or press ? or * to list all spells.
Aiming: Bolt of Magma
Press: ? - help, Shift-Dir - straight line, f/p - Gastronok
Aim: Gastronok, wearing a glowing hat (severely wounded)
The bolt of magma hits the dire elephant.
The dire elephant is severely wounded.
The bolt of magma hits Gastronok.
Gastronok is almost dead.
The dire elephant tramples you!!
You die...

▓.................#___#__
▓▓▓▓▓▓▓▓▓▓▓▓▓▓▓▓▓▓▓▓▓▓▓▓▓
▓...+≈≈≈≈≈≈§.≈♣♣.....♣♣♣
▓.YP#≈≈≈§§§≈≈)♣♣.≈≈≈≈+♣♣
▓.PP#≈≈§§§§≈≈≈≈'.....#.≈
▓..P#≈≈§§§§§≈≈♣♣♣♣♣♣♣#..
..{#≈≈§≈§§≈≈≈♣ ###
▓##Y####'#######♣ ♣♣♣♣
▓...w.Y@........♣♣ ♣...
▓#+#############+♣ ♣♣.#
.JJ#≈......)....♣ ♣..
▓..J+≈≈...########♣♣ ♣♣.
▓...#≈≈≈......(....♣ ♣♣.
▓...#≈≈≈≈......(...♣ ♣..
#+#############+########
▓≈≈≈≈≈≈≈≈≈ ▓≈≈(≈≈≈≈≈≈


You could see Gastronok, a dire elephant and an elephant.

Vanquished Creatures
  Rupert (D)
  Polyphemus (D)
  Ilsuiw (D)
  A dire elephant (D)
  A merfolk javelineer (D)
  Erica (D)
  A centaur warrior (D)
  4 death yaks (D)
  Urug (D)
  2 unseen horrors (D)
  A sea snake (D)
  A lindwurm (D)
  A deep elf mage (D)
  2 black mambas (D)
  2 spiny frogs (D)
  A komodo dragon (D)
  A rime drake (D)
  3 wandering mushrooms (D)
  A queen bee (D)
  2 tyrant leeches (D)
  3 dream sheep (D)
  8 blink frogs (D)
  3 redbacks (D)
  A shadow (D)
  A spatial vortex (D)
  A necrophage (D)
  A swamp drake (D)
  2 centaurs (D)
  An earth elemental (D)
  A water elemental (D)
  28 killer bees (D)
  A jelly (D)
  A wizard (D)
  A necromancer (D)
  3 humans (D)
  A kobold demonologist (D)
  An ooze (D)
  A phantom (D)
  3 rats (D)
91 creatures vanquished.

Vanquished Creatures (collateral kills)
  3 killer bees (D)
3 creatures vanquished.

Vanquished Creatures (others)
  2 draconian scorchers (D)
  6 hellions (D)
  2 yaktaurs (D)
  A killer bee (D)
  11 plants (D)
22 creatures vanquished.

Grand Total: 116 creatures vanquished

Notes
Turn   | Place    | Note
-------+----------+-------------------------------------------
     0 | D        | Kidiri the Deep Elf Fire Elementalist began the quest for the Orb.
     0 | D        | Reached XP level 1. HP: 10/10 MP: 6/6
     4 | D        | Reached skill level 4 in Spellcasting
    99 | D        | Killed a hellion
   100 | D        | Killed a hellion
   100 | D        | Killed a hellion
   107 | D        | Killed a hellion
   109 | D        | Killed a yaktaur
   125 | D        | Reached skill level 5 in Spellcasting
   125 | D        | Reached XP level 2. HP: 13/15 MP: 5/10
   129 | D        | Learned a level 2 spell: Throw Flame
   168 | D        | Killed a white draconian scorcher
   174 | D        | Killed a hellion
   184 | D        | Killed a white draconian scorcher
   206 | D        | Gained mutation: You are clumsy. (Dex -2) [potion of mutation]
   206 | D        | Lost mutation: You are clumsy. (Dex -2) [potion of mutation]
   207 | D        | Gained mutation: You are weak. (Str -2) [potion of mutation]
   207 | D        | Gained mutation: You are robust. (+10% HP) [potion of mutation]
   207 | D        | Gained mutation: You are resistant to hostile enchantments. (MR+) [potion of mutation]
   208 | D        | Lost mutation: You are weak. (Str -2) [potion of mutation]
   208 | D        | Lost mutation: You are resistant to hostile enchantments. (MR+) [potion of mutation]
   208 | D        | Gained mutation: You have a pair of small antennae on your head. [potion of mutation]
   208 | D        | Gained mutation: You expend magic power (3 MP) to strengthen your wands. [potion of mutation]
   208 | D        | Gained mutation: You evolve. [potion of mutation]
   223 | D        | Killed a hellion
   240 | D        | Reached skill level 6 in Spellcasting
   240 | D        | Reached XP level 3. HP: 20/20 MP: 4/12
   245 | D        | Learned a level 3 spell: Conjure Flame
   249 | D        | Learned a level 3 spell: Inner Flame
   305 | D        | Noticed a water elemental
   308 | D        | Killed a water elemental
   308 | D        | Reached skill level 8 in Spellcasting
   308 | D        | Reached skill level 5 in Fire Magic
   308 | D        | Reached XP level 4. HP: 26/26 MP: 3/16
   314 | D        | Learned a level 4 spell: Sticky Flame
   391 | D        | Found a radiant altar of Vehumet.
   392 | D        | Found a deep blue altar of Sif Muna.
   392 | D        | Found an ancient bone altar of Kikubaaqudgha.
   392 | D        | Noticed a wizard
   396 | D        | Killed a wizard
   396 | D        | Reached skill level 9 in Spellcasting
   397 | D        | Reached skill level 1 in Fighting
   397 | D        | Reached skill level 1 in Armour
   422 | D        | Became a worshipper of Vehumet
   496 | D        | Learned a level 3 spell: Mephitic Cloud
   496 | D        | Found a glowing silver altar of Zin.
   497 | D        | Found a glowing golden altar of the Shining One.
   497 | D        | Found a white marble altar of Elyvilon.
   497 | D        | Noticed a deep elf mage
   510 | D        | Killed a deep elf mage
   510 | D        | Reached skill level 5 in Dodging
   510 | D        | Reached skill level 11 in Spellcasting
   510 | D        | Reached XP level 5. HP: 35/35 MP: 11/20
   510 | D        | Reached XP level 6. HP: 40/40 MP: 12/22
   510 | D        | Reached XP level 7. HP: 45/45 MP: 12/23
   517 | D        | Learned a level 5 spell: Fireball
   570 | D        | Found an ornate altar of the Wu Jian Council.
   570 | D        | Found a roughly hewn altar of Beogh.
   570 | D        | Found an iron altar of Okawaru.
   570 | D        | Found a bloodstained altar of Trog.
   570 | D        | Found a hide-covered altar of Uskayaw.
   570 | D        | Noticed a human
   572 | D        | Noticed a human
   577 | D        | Killed a human
   580 | D        | Killed a human
   580 | D        | Reached * piety under Vehumet
   580 | D        | Offered knowledge of Sting by Vehumet.
   672 | D        | Found a basalt altar of Yredelemnul.
   672 | D        | Found a shadowy altar of Dithmenos.
   672 | D        | Found a sacrificial altar of Ru.
   674 | D        | Reached skill level 12 in Spellcasting
   725 | D        | Reached ** piety under Vehumet
   725 | D        | Offered knowledge of Shock by Vehumet.
   727 | D        | Noticed a shadow
   730 | D        | Killed a shadow
   730 | D        | Reached XP level 8. HP: 52/52 MP: 17/26
   775 | D        | Found a blossoming altar of Fedhas.
   775 | D        | Found a stormy altar of Qazlal.
   775 | D        | Found a snail-covered altar of Cheibriados.
   775 | D        | Found a burning altar of Makhleb.
   775 | D        | Found a shimmering altar of Xom.
   776 | D        | Found a hazy altar of Hepliaklqana.
   776 | D        | Found an opulent altar of Gozag.
   776 | D        | Found a sparkling altar of Nemelex Xobeh.
   776 | D        | Found a corrupted altar of Lugonu.
   776 | D        | Found a viscous altar of Jiyva.
   793 | D        | Reached skill level 5 in Poison Magic
   862 | D        | Noticed Erica
   866 | D        | Killed Erica
   866 | D        | Offered knowledge of Searing Ray by Vehumet.
   866 | D        | Reached skill level 5 in Short Blades
   866 | D        | Reached skill level 13 in Spellcasting
   866 | D        | Reached skill level 5 in Air Magic
   959 | D        | Learned a level 2 spell: Searing Ray
   970 | D        | Gained mutation: You are very robust. (+20% HP) [evolution]
  1139 | D        | Reached *** piety under Vehumet
  1288 | D        | Noticed a centaur warrior
  1291 | D        | Reached XP level 9. HP: 36/63 MP: 16/28
  1305 | D        | Offered knowledge of Stone Arrow by Vehumet.
  1307 | D        | Killed a centaur warrior
  1307 | D        | Reached skill level 5 in Fighting
  1307 | D        | Reached skill level 5 in Armour
  1307 | D        | Reached skill level 14 in Spellcasting
  1327 | D        | Learned a level 3 spell: Stone Arrow
  1583 | D        | Noticed an unseen horror
  1585 | D        | Gained mutation: You are partially covered in slimy green scales. (AC +2) [evolution]
  1586 | D        | Killed an unseen horror
  1586 | D        | Reached **** piety under Vehumet
  1586 | D        | Reached skill level 1 in Earth Magic
  1782 | D        | Noticed an unseen horror
  1788 | D        | Killed an unseen horror
  1788 | D        | Offered knowledge of Bolt of Magma by Vehumet.
  1795 | D        | Learned a level 5 spell: Bolt of Magma
  1809 | D        | Noticed a queen bee
  1815 | D        | Reached XP level 10. HP: 69/72 MP: 19/30
  1817 | D        | Reached ***** piety under Vehumet
  1817 | D        | Offered knowledge of Lee's Rapid Deconstruction by Vehumet.
  1825 | D        | Reached skill level 15 in Spellcasting
  1833 | D        | Reached ****** piety under Vehumet
  1857 | D        | Learned a level 5 spell: Lee's Rapid Deconstruction
  1982 | D        | Offered knowledge of Fulminant Prism by Vehumet.
  1994 | D        | Reached skill level 10 in Fire Magic
  2079 | D        | Noticed a spiny frog
  2079 | D        | Noticed a spiny frog
  2081 | D        | Killed a spiny frog
  2083 | D        | Reached skill level 5 in Earth Magic
  2086 | D        | Killed a spiny frog
  2423 | D        | Offered knowledge of Iskenderun's Battlesphere by Vehumet.
  2423 | D        | Reached skill level 16 in Spellcasting
  2467 | D        | Noticed a lindwurm
  2607 | D        | Killed a lindwurm
  2607 | D        | Reached skill level 10 in Conjurations
  2607 | D        | Reached XP level 11. HP: 67/79 MP: 19/33
  2620 | D        | Reached skill level 10 in Dodging
  2728 | D        | Noticed Urug
  2734 | D        | Killed Urug
  2956 | D        | Offered knowledge of Bolt of Draining by Vehumet.
  3194 | D        | Noticed Rupert
  3196 | D        | Paralysed by Rupert for 3 turns
  3204 | D        | Killed Rupert
  3204 | D        | Reached skill level 17 in Spellcasting
  3286 | D        | Noticed a death yak
  3287 | D        | Noticed a death yak
  3292 | D        | Noticed a death yak
  3293 | D        | Killed a death yak
  3295 | D        | Noticed a death yak
  3295 | D        | Killed a death yak
  3297 | D        | Killed a death yak
  3297 | D        | Offered knowledge of Poison Arrow by Vehumet.
  3311 | D        | Learned a level 6 spell: Poison Arrow
  3479 | D        | Reached skill level 18 in Spellcasting
  3636 | D        | Killed a death yak
  3636 | D        | Reached skill level 10 in Poison Magic
  3636 | D        | Reached XP level 12. HP: 63/87 MP: 24/36
  3688 | D        | Noticed an azure jelly
  3688 | D        | Noticed an azure jelly
  3736 | D        | Noticed Polyphemus
  3743 | D        | Killed Polyphemus
  3892 | D        | Noticed Ilsuiw
  4017 | D        | Offered knowledge of Ozocubu's Refrigeration by Vehumet.
  4025 | D        | Killed Ilsuiw
  4296 | D        | Found Loboysirgh's Distillery.
  4304 | D        | Found Rabid's Antique Armour Boutique.
  4305 | D        | Found Myenytz's Book Emporium.
  4306 | D        | Noticed a merfolk javelineer
  4309 | D        | Killed a merfolk javelineer
  4309 | D        | Reached skill level 10 in Short Blades
  4309 | D        | Reached skill level 10 in Air Magic
  4345 | D        | Got a barnacled rune of Zot
  4413 | D        | Noticed an azure jelly
  4413 | D        | Noticed an azure jelly
  4414 | D        | Noticed a dire elephant
  4414 | D        | Noticed a dire elephant
  4414 | D        | Noticed Gastronok
  4421 | D        | Killed a dire elephant
  4421 | D        | Reached skill level 19 in Spellcasting
  4422 | D        | Slain by a dire elephant

Vault maps used:
D:        dungeon_sprint_mu

Skill      XL: |  1  2  3  4  5  6  7  8  9 10 11 12 |
---------------+-------------------------------------+-----
Spellcasting   | 5 6 8 11 12 13 14 16 18 19 | 19.0
Conjurations   | 2 3 4 6 7 9 10 11 | 11.9
Fire Magic     | 4 5 7 8 9 10 11 12 | 12.3
Fighting       | 3 4 5 6 8 |  8.7
Armour         | 3 4 5 6 8 |  8.6
Dodging        | 5 6 7 8 9 10 | 10.0
Short Blades   | 3 4 5 6 7 9 10 | 10.1
Air Magic      | 3 4 5 6 7 9 10 | 10.1
Poison Magic   | 3 4 6 7 8 10 | 10.7
Earth Magic    | 2 5 8 9 |  9.1
Stealth        | |  2.4

Action                   |  1- 3 |  4- 6 |  7- 9 | 10-12 || total
-------------------------+-------+-------+-------+-------++-------
Melee: Dagger            |       |     1 |     2 |     3 ||     6
 Cast: Flame Tongue      |    12 |     2 |    32 |     2 ||    48
       Throw Flame       |     3 |       |     1 |     1 ||     5
       Conjure Flame     |     1 |       |     4 |    13 ||    18
       Sticky Flame      |       |     3 |    11 |    10 ||    24
       Mephitic Cloud    |       |     1 |     6 |     8 ||    15
       Searing Ray       |       |       |     5 |     6 ||    11
       Fireball          |       |       |     5 |     9 ||    14
       Stone Arrow       |       |       |     2 |     9 ||    11
       Inner Flame       |       |       |     1 |     5 ||     6
       Bolt of Magma     |       |       |       |    49 ||    49
       Poison Arrow      |       |       |       |     5 ||     5
  Use: Potion            |     3 |       |       |     1 ||     4
       Scroll            |     4 |       |       |     1 ||     5
 Stab: Sleeping          |       |     1 |       |       ||     1
       Confused          |       |       |       |     1 ||     1
  Eat: Chunk             |       |       |     3 |       ||     3
       Fruit             |       |       |       |     7 ||     7
       Royal jelly       |       |       |       |     5 ||     5
Armor: Robe              |       |     2 |     1 |     3 ||     6
Dodge: Dodged            |     2 |     5 |    13 |    25 ||    45

Table legend:
 A = Spawn XP
 B = Non-spawn XP
 C = Spawn XP percentage of total XP
 D = Spawn monster count
 E = Non-spawn monster count
 F = Spawn count percentage of total count
 G = Total turns spent on level
                    A         B        C        D         E        F      G
               +---------+---------+-------+---------+---------+-------+---------
         Total |       0 |   30254 |   0.0 |       0 |      95 |   0.0 |  4422
               +---------+---------+-------+---------+---------+-------+---------
             D |       0 |   30254 |   0.0 |       0 |      95 |   0.0 |  4422
               +---------+---------+-------+---------+---------+-------+---------
